 Dungeon Crawl Stone Soup version 0.29.1-1-gd02db6906a (webtiles) character file.

Game seed: 1053247244654266096

3584 groovy9 the Thaumaturge (level 9, 0/45 HPs)
             Began as a Deep Elf Conjurer on Sept 20, 2022.
             Was a Believer of Vehumet.
             Shot with an arrow by a centaur warrior (12 damage)
             ... on level 8 of the Dungeon.
             The game lasted 00:23:53 (8933 turns).

groovy9 the Thaumaturge (Deep Elf Conjurer)         Turns: 8933, Time: 00:23:54

Health: 0/45       AC:  4    Str:  4    XL:     9   Next: 85%
Magic:  10/25      EV: 12    Int: 28    God:    Vehumet [**....]
Gold:   324        SH:  0    Dex: 13    Spells: 22/29 levels left

rFire   . . .      SeeInvis .   D - +0 lajatang
rCold   . . .      Faith    .   (shield currently unavailable)
rNeg    . . .      Spirit   .   a - +1 robe
rPois   .          Reflect  .   (no helmet)
rElec   .          Harm     .   (no cloak)
rCorr   .          Rampage  .   (no gloves)
Will    .....                   e - +0 pair of boots
Stlth   ++........              n - amulet of the acrobat
HPRegen 0.15/turn               (no ring)
MPRegen 0.19/turn               (no ring)

@: about to teleport, spiked
A: no striking features
a: Renounce Religion


You were on level 8 of the Dungeon.
You worshipped Vehumet.
Vehumet was pleased with you.
You visited 2 branches of the dungeon, and saw 9 of its levels.
You also visited: Ossuary.

You collected 324 gold pieces.

Inventory:

Hand Weapons
 D - a +0 lajatang (weapon)
Missiles
 s - 3 throwing nets
 C - 2 curare-tipped darts
Armour
 a - a +1 robe (worn)
 e - a +0 pair of boots (worn)
 x - a +2 buckler
Jewellery
 c - an amulet of guardian spirit
 n - an amulet of the acrobat (around neck)
 B - a +4 ring of slaying
Wands
 b - a wand of mindburst (34)
 u - a wand of flame (33)
Scrolls
 f - a scroll of noise {unknown}
 k - 2 scrolls of fear
 p - 3 scrolls of fog
 v - a scroll of blinking
 y - 4 scrolls of enchant armour
 A - 2 scrolls of poison
Potions
 d - a potion of attraction
 g - a potion of haste {unknown}
 i - a potion of curing
 j - a potion of cancellation {unknown}
 l - a potion of ambrosia {unknown}
 m - a potion of flight
 o - a potion of mutation {unknown}
 q - 2 potions of brilliance
 r - a potion of berserk rage {unknown}
 w - a potion of might {unknown}
 z - 3 potions of lignification {unknown}


   Skills:
 - Level 2.4 Dodging
 - Level 2.4 Stealth
 + Level 10.7 Spellcasting
 + Level 9.8 Conjurations
 * Level 9.4 Translocations


You had 22 spell levels left.
You knew the following spells:

 Your Spells              Type           Power      Damage    Failure   Level
a - Magic Dart            Conj           100%       1d8       1%          1
b - Searing Ray           Conj           100%       2d8       1%          2
c - Iskenderun's Mystic   Conj/Tloc      62%        2d13      1%          4

Your spell library contained the following spells:

 Spells                   Type           Power      Damage    Failure   Level
 Dazzling Flash           Conj/Hex       84%        N/A       1%          3
 Sting                    Tmut/Pois      60%        1d6       3%          1
 Fulminant Prism          Conj/Hex       21%        3d13      4%          4
 Poisonous Vapours        Pois/Air       30%        N/A       5%          2
 Frozen Ramparts          Ice            30%        1d5       11%         3
 Ice Form                 Ice/Tmut       15%        N/A       36%         4
 Olgreb's Toxic Radiance  Pois           15%        N/A       36%         4
 Summon Ice Beast         Ice/Summ       15%        N/A       36%         4
 Agony                    Necr           15%        N/A       71%         5
 Silence                  Hex/Air        7%         N/A       71%         5


Dungeon Overview and Level Annotations

Branches:
Dungeon (8/15)             Temple (1/1) D:4         Ossuary (visited)
   Lair: D:8-11

Altars:
Ashenzari
Dithmenos
Fedhas
Gozag
Hepliaklqana
Makhleb
Okawaru
Qazlal
Ru
Sif Muna
Vehumet
Wu Jian
Xom
Yredelemnul
Zin

Shops:
D:3 [   D:7 (


Message History

The searing ray hits the manticore.
The manticore is moderately wounded.
The searing ray hits the howler monkey.
You kill the howler monkey!
Vehumet accepts your kill.
You feel your power returning.
Casting: Searing Ray (safe; 1% risk of failure)
Confirm with . or Enter, or press ? or * to list all spells.
Restarting spell: Searing Ray (safe; 1% risk of failure)
Press: ? - help, Shift-Dir - straight line, f - manticore
Aim: a manticore (moderately wounded, 90% to hit)
Okay, then.
Casting: Searing Ray (safe; 1% risk of failure)
Confirm with . or Enter, or press ? or * to list all spells.
You erupt in a blast of force!
The mystic blast hits the manticore!!
The manticore is severely wounded.
The manticore bites you! The manticore claws you!
* * * LOW HITPOINT WARNING * * *
The manticore claws you.
* * * LOW HITPOINT WARNING * * *
You feel much better. The manticore bites you. The manticore claws you! x2
* * * LOW HITPOINT WARNING * * *
Casting: Iskenderun's Mystic Blast (dangerous; 1% risk of failure)
Confirm with . or Enter, or press ? or * to list all spells.
You erupt in a blast of force!
The mystic blast hits the manticore!!
You kill the manticore!
Vehumet accepts your kill.
You feel your power returning.
A centaur warrior comes into view.
Your Translocations skill increases to level 9!
The barbs in your skin will harm you if you move.
Continue?
Okay, then.
You feel much better.
The centaur warrior wields a +0 longbow.
The centaur warrior shoots an arrow.
The arrow hits you!
* * * LOW HITPOINT WARNING * * *
As you read the scroll of teleportation, it crumbles to dust.
You feel strangely unstable.
The centaur warrior shoots an arrow.
The arrow hits you!
You die...

#.....#.###..
#####.##..... # #>#####..
.# ## #.# #.. ..# #### .#
#.# #.. ... ..# .# #.#
#.. .. #.# .# #.# #..
#.######.# #.# #..
#..[.@...#####.#####..
#.c..#####...............
.h..#####
#..###########.# .# #..#
#.# #..# ####.# #..#
#.....
######..########.##.#
#................##.#
#.####.#####.######.#


You could see a centaur warrior.

Vanquished Creatures
  A two-headed ogre (D:8)
  A manticore (D:8)
  A troll (D:8)
  A water moccasin (D:7)
  4 sky beasts
  An ice beast (D:7)
  2 phantoms (D:5)
  A centaur (D:7)
  3 kobold brigands
  2 bullfrogs
  2 necrophages
  A gnoll sergeant (D:6)
  2 scorpions
  5 howler monkeys
  A bullfrog zombie (Ossuary)
  3 jellies
  A gnoll bouda (D:7)
  3 iguanas
  5 orc wizards
  4 mummies (Ossuary)
  A howler monkey zombie (Ossuary)
  9 gnolls
  11 adders
  3 white imps
  4 worms
  5 dart slugs
  11 orcs
  7 endoplasms
  5 giant cockroaches
  2 goblins
  7 hobgoblins
  11 jackals
  18 kobolds
  3 training dummies (D:7)
  9 ball pythons
  5 bats
  2 frilled lizards
  2 rats (D:1)
159 creatures vanquished.

Vanquished Creatures (others)
  3 withered plants (Ossuary)
3 creatures vanquished.

Grand Total: 162 creatures vanquished

Notes
Turn   | Place    | Note
-------+----------+-------------------------------------------
     0 | D:1      | groovy9 the Deep Elf Conjurer began the quest for the Orb.
     0 | D:1      | Reached XP level 1. HP: 10/10 MP: 6/6
    21 | D:1      | Found a faded altar of an unknown god.
   362 | D:1      | Reached XP level 2. HP: 15/15 MP: 5/8
   848 | D:2      | Reached skill level 4 in Spellcasting
   880 | D:1      | Reached XP level 3. HP: 19/19 MP: 0/10
   967 | D:2      | Reached skill level 5 in Conjurations
  1609 | D:3      | Reached XP level 4. HP: 24/24 MP: 8/12
  1835 | D:3      | Reached skill level 5 in Spellcasting
  2051 | D:3      | Reached XP level 5. HP: 28/28 MP: 10/15
  2306 | D:3      | Found Rudeuhe's Antique Armour Boutique.
  2723 | D:4      | Learned a level 2 spell: Searing Ray
  2807 | D:4      | Found a staircase to the Ecumenical Temple.
  2856 | Temple   | Entered the Ecumenical Temple
  2922 | Temple   | Became a worshipper of Vehumet
  3505 | D:4      | Found a shadowy altar of Dithmenos.
  3671 | D:4      | Reached skill level 6 in Spellcasting
  4052 | D:5      | Entered Level 5 of the Dungeon
  4102 | D:5      | Found a sand-covered staircase.
  4115 | D:5      | Reached XP level 6. HP: 26/32 MP: 7/17
  4182 | Ossuary  | Entered an ossuary
  4612 | D:5      | Reached skill level 7 in Spellcasting
  4690 | D:5      | Learned a level 4 spell: Iskenderun's Mystic Blast
  4731 | D:5      | Noticed a sky beast
  4741 | D:5      | Killed a sky beast
  4742 | D:5      | Reached skill level 1 in Translocations
  4742 | D:5      | Reached XP level 7. HP: 25/36 MP: 10/19
  5712 | D:6      | Reached * piety under Vehumet
  5712 | D:6      | Offered knowledge of Freeze by Vehumet.
  5713 | D:6      | Reached skill level 8 in Spellcasting
  6060 | D:6      | Reached XP level 8. HP: 41/41 MP: 15/22
  6744 | D:6      | Found a burning altar of Makhleb.
  6787 | D:7      | Reached skill level 5 in Translocations
  6939 | D:7      | Found a shimmering blue altar of Sif Muna.
  6939 | D:7      | Found a sacrificial altar of Ru.
  6944 | D:7      | Found a blossoming altar of Fedhas.
  7279 | D:7      | Found Tihegh's Firing Range.
  7303 | D:7      | Reached skill level 9 in Spellcasting
  7735 | D:7      | Reached ** piety under Vehumet
  7742 | D:7      | Offered knowledge of Poisonous Vapours by Vehumet.
  7757 | D:7      | Reached XP level 9. HP: 45/45 MP: 12/24
  8558 | D:8      | Found a broken altar of Ashenzari.
  8558 | D:8      | Found an iron altar of Okawaru.
  8695 | D:8      | Noticed a two-headed ogre
  8705 | D:8      | Killed a two-headed ogre
  8706 | D:8      | Reached skill level 10 in Spellcasting
  8914 | D:8      | Noticed a troll
  8920 | D:8      | Noticed a manticore
  8926 | D:8      | Killed a troll
  8931 | D:8      | Killed a manticore
  8931 | D:8      | Noticed a centaur warrior
  8933 | D:8      | Shot with an arrow by a centaur warrior

Illustrated notes

Levels and vault maps discovered:
D:1:      nicolae_arrival_memento_mori, layout_rooms,
          hellmonk_ecumenical_altar_heavens_door
D:2:      layout_rooms, nicolae_figureground_sparkle
D:3:      layout_basic, serial_shops, shop
D:4:      layout_basic, marbit_many_paths, minmay_temple_entry_enclosed_plants,
          kennysheep_generic_room_15
D:5:      layout_basic, nicolae_ossuary_entry_monument, serial_bayou_pond_a
D:6:      layout_loops_corners, mainiacjoe_overflow_alcove_2
D:7:      layout_cave_pools, gammafunk_temple_overflow_forgotten,
          nicolae_shop_firing_range
D:8:      minmay_bloctagon_deflated, layout_loops_ring,
          chequers_temple_overflow_statue_of_worship
Temple:   dpeg_chambers_temple

Skill      XL: |  1  2  3  4  5  6  7  8  9 |
---------------+----------------------------+-----
Spellcasting   | 4 5 6 7 8 9 10 | 10.7
Conjurations   | 5 6 7 8 9 |  9.8
Translocations | 1 4 7 9 |  9.4
Dodging        | |  2.4
Stealth        | |  2.4

Action                   |  1- 3 |  4- 6 |  7- 9 || total
-------------------------+-------+-------+-------++-------
Melee: Dagger            |       |     2 |     1 ||     3
 Cast: Magic Dart        |    90 |    95 |   104 ||   289
       Searing Ray       |       |    17 |    56 ||    73
       Iskenderun's Myst |       |       |    11 ||    11
  Use: Scroll            |     7 |     7 |     3 ||    17
       Potion            |       |     2 |     5 ||     7
Armor: Robe              |     3 |     5 |     7 ||    15
Dodge: Dodged            |     4 |    17 |    28 ||    49
Block: Buckler           |       |       |     7 ||     7
